 Dungeon Crawl Stone Soup version 0.18-a0-1312-gf98331d (webtiles) character file.

25 Reinor the Ducker (level 2, 0/16 HPs)
             Began as a Spriggan Abyssal Knight on Feb 14, 2016.
             Was a Follower of Lugonu.
             Slain by a kobold
             ... wielding a +0 dagger
              (1 damage)
             ... on level 2 of the Dungeon.
             The game lasted 00:01:58 (1330 turns).

Reinor the Ducker (Spriggan Abyssal Knight)         Turns: 1330, Time: 00:01:58

Health: 0/16       AC:  2    Str:  8    XL:     2   Next: 82%
Magic:  4/4        EV: 19    Int: 13    God:    Lugonu [*.....]
Gold:   24         SH:  0    Dex: 15    Spells: 0 memorised, 1 level left

rFire  . . .     SeeInvis +     a - +1 short sword
rCold  . . .     Gourm    .     b - +0 robe
rNeg   . . .     Faith    .     (shield restricted)
rPois  .         Spirit   .     (helmet restricted)
rElec  .         Dismiss  .     (no cloak)
rCorr  .         Reflect  .     (gloves unavailable)
SustAt .         Harm     .     (boots unavailable)
MR     .....                    (no amulet)
Stlth  ++........               (no ring)
                                (no ring)

@: very quick, not resistant to hostile enchantments, unstealthy
A: unfitting armour, see invisible, herbivore 3, speed 3, slow metabolism 2
a: Depart the Abyss, Renounce Religion


You were on level 2 of the Dungeon.
You worshipped Lugonu.
Lugonu was aware of your devotion.
You were not hungry.

You visited 1 branch of the dungeon, and saw 2 of its levels.
You visited the Abyss 1 time.

You collected 24 gold pieces.

Inventory:

Hand Weapons
 a - a +1 short sword (weapon)
Armour
 b - a +0 robe (worn)
Scrolls
 d - a scroll of recharging {unknown}
Potions
 e - 2 potions of curing
 i - a potion of agility {unknown}
Comestibles
 c - a bread ration
 j - a slice of pizza


   Skills:
 + Level 3.0 Fighting
 + Level 2.3 Short Blades
 + Level 3.9 Dodging
 + Level 0.4 Stealth
 + Level 2.0 Invocations


You had one spell level left.
You didn't know any spells.

Dungeon Overview and Level Annotations

Branches:
Dungeon (2/15)

Altars:

Annotations:
D:2 Natasha


Innate Abilities, Weirdness & Mutations

You are tiny and cannot use many weapons and most armour.
You have supernaturally acute eyesight.
You are an herbivore.
You cover ground extremely quickly.
You need consume almost no food.


Message History

Natasha is moderately wounded.
The bat closely misses you. The kobold completely misses you.
Natasha wildly gestures.
Natasha shimmers violently.
Natasha barely misses you.
You barely miss Natasha.
Natasha is moderately wounded.
The bat hits you.
* * * LOW HITPOINT WARNING * * *
The kobold hits you with a dagger.
* * * LOW HITPOINT WARNING * * *
Natasha barely misses you.
You barely miss Natasha.
Natasha is moderately wounded.
The kobold closely misses you. Natasha closely misses you. The bat misses you.
You hit Natasha but do no damage.
Natasha is moderately wounded.
The bat hits you but does no damage. The bat barely misses you.
The kobold hits you with a dagger.
You die...

.... #.........(#..
......<..##.............
................<...§§§.
.........#...........<§(
.........#.............#
#........#.............#
#........#....#.#.......
g....Sb..#....#.##......
......K@.#..............
......h.......####......
.........##.............
.........##.######
#........##..
##.......##.##
...#.....##.# ####......
.# ......


You could see Natasha, a hobgoblin, a bat, a ball python and a kobold.

Vanquished Creatures
  2 giant cockroaches (D:1)
  4 goblins (D:1)
  5 hobgoblins
  6 kobolds
  2 giant newts (D:1)
  3 rats (D:1)
22 creatures vanquished.

Vanquished Creatures (others)
  2 starspawn tentacles (Abyss:1)
2 creatures vanquished.

Grand Total: 24 creatures vanquished

Notes
Turn   | Place    | Note
--------------------------------------------------------------
     0 | Abyss:1  | Reinor the Spriggan Abyssal Knight began the quest for the Orb.
     0 | Abyss:1  | Reached XP level 1. HP: 11/11 MP: 3/3
    46 | Abyss:1  | Noticed a small abomination
    54 | Abyss:1  | Noticed an apocalypse crab
    89 | Abyss:1  | Found a corrupted altar of Lugonu.
    89 | Abyss:1  | Noticed an earth elemental
   115 | Abyss:1  | Noticed a small abomination
   123 | Abyss:1  | Noticed a tentacled starspawn
   138 | Abyss:1  | Noticed a thrashing horror
   146 | Abyss:1  | Noticed a small abomination
   146 | D:1      | Escaped the Abyss
   523 | D:1      | Reached XP level 2. HP: 4/16 MP: 4/4
   785 | D:1      | Reached * piety under Lugonu
  1319 | D:2      | Noticed Natasha
  1330 | D:2      | Slain by a kobold

Vault maps used:
D:1:      minmay_arrival_split_and_join
D:2:      first_bread, grunt_pakellas_sulfur, uniq_natasha

Action                   || total
-------------------------++-------
Melee: Short sword       ||    68
Invok: Depart the Abyss  ||     1
  Use: Scroll            ||     4
 Stab: Sleeping          ||     2
